 Dungeon Crawl Stone Soup version 0.31-a0-640-g39d97e502b (webtiles) character file.

Game seed: 16787043459106594639

48 qw the Shooter (level 3, -2/22 HPs)
             Began as a Gargoyle Hunter on Aug 27, 2023.
             Slain by a gnoll
             ... wielding a +0 spear
              (4 damage)
             ... on level 2 of the Dungeon.
             The game lasted 00:00:20 (660 turns).

qw the Shooter (Gargoyle Hunter)                     Turns: 660, Time: 00:00:21

Health: -2/22      AC:  6    Str: 14    XL:     3   Next: 72%
Magic:  3/3        EV: 11    Int:  9    God:
Gold:   26         SH:  0    Dex: 15    Spells: 2/2 levels left

rFire   . . .        Y - +4 shortbow
rCold   . . .        (shield currently unavailable)
rNeg    + . .        c - +0 leather armour
rPois   inf          (no helmet)
rElec   +            (no cloak)
rCorr   .            (no gloves)
SInv    .            (no boots)
Will    .....        (no amulet)
Stlth   ++           (no ring)
HPRegen 0.23/turn    (no ring)
MPRegen 0.08/turn

%: no passive effects
@: no status effects
A: sickness immunity, AC +3, negative energy resistance 1, electricity
resistance, torment resistance 1, petrification resistance
a: no special abilities


You were on level 2 of the Dungeon.
You visited 1 branch of the dungeon, and saw 2 of its levels.

You collected 101 gold pieces.
You spent 75 gold pieces at shops.


Innate Abilities, Weirdness & Mutations

You are immune to sickness and miasma.
Your stone body is resilient. (AC +3)
You are immune to poison.
You resist negative energy. (rN+)
You are resistant to electric shocks. (rElec)
You are resistant to unholy torment.
You are immune to petrification.


   Skills:
 + Level 2.9 Fighting
 - Level 5.0 Ranged Weapons
 - Level 1.5 Dodging
 - Level 1.1 Stealth


You had 2 spell levels left.
You didn't know any spells.
Your spell library was empty.

Inventory:

Hand Weapons
 Y - a +4 shortbow (weapon)
Armour
 c - a +0 leather armour (worn)
Scrolls
 a - a scroll of silence {unknown}
Potions
 b - a potion of curing {unknown}

Dungeon Overview and Level Annotations

Branches:
Dungeon (2/15)

Altars:

Shops:
D:2 ?


Message History

You kill the ball python!
You start resting.
HP restored.
A gnoll comes into view. It is wielding a +0 halberd.
You shoot an arrow. The arrow hits the gnoll!
The gnoll is severely wounded.
An endoplasm comes into view.
A gnoll comes into view. It is wielding a +0 spear.
651 ||| Stepping ~*~*~tactically~*~*~ (outnumbered).
You shoot an arrow. The arrow hits the gnoll.
The gnoll is moderately wounded.
You shoot an arrow. The arrow closely misses the gnoll.
You shoot an arrow. The arrow closely misses the gnoll.
You shoot an arrow. The arrow closely misses the gnoll.
You shoot an arrow. The arrow barely misses the gnoll.
The gnoll closely misses you.
The gnoll hits you from afar with a +0 spear.
The gnoll hits you from afar with a +0 halberd!
The gnoll hits you but does no damage.
You shoot an arrow. The arrow hits the gnoll.
You kill the gnoll!
The gnoll hits you from afar with a +0 spear.
You shoot an arrow.
The arrow completely misses the endoplasm.
The arrow barely misses the gnoll.
A gnoll comes into view. It is wielding a +0 flail.
The endoplasm freezes you.
You are frozen.
The gnoll hits you from afar with a +0 spear.
You shoot an arrow. The arrow barely misses the endoplasm.
The gnoll shouts!
The arrow hits the gnoll.
The gnoll is severely wounded.
The gnoll misses you. The endoplasm freezes you.
You are frozen.
You shoot an arrow. The arrow hits the endoplasm!
You kill the endoplasm!
The gnoll hits you from afar with a +0 spear.
You die...

.###..####....
............#### .
J.....g#g...... .
....##.#....... #.#.
#.....#.......
#.#.##....g#.%.....
......[.##.#)..##+#
..#.#.....@.......#
........####.......
..#.#...### ..#.#.#
#..>........##.##.#.#
....#.#...#..#.##.#.##
.....................#.#
..........#..#.......#.#
......#...#..####.#..#.#
#+#..........####.#..#.#


You could see 2 gnolls.

Vanquished Creatures
  A gnoll (D:2)
  An adder (D:2)
  A dart slug (D:2)
  2 bats (D:1)
  4 endoplasms
  A giant cockroach (D:1)
  7 goblins
  2 hobgoblins (D:1)
  A ball python (D:2)
  A frilled lizard (D:1)
  2 kobolds (D:1)
  4 rats (D:1)
27 creatures vanquished.

Notes
Turn   | Place    | Note
-------+----------+-------------------------------------------
     0 | D:1      | qw the Gargoyle Hunter began the quest for the Orb.
     0 | D:1      | Reached XP level 1. HP: 12/12 MP: 1/1
     0 | D:1      | 0 ||| qw: Version: 0.3-a-74-g0d5e918
     0 | D:1      | 0 ||| qw: Game counter: 186
     0 | D:1      | 0 ||| qw: Melee chars always use a shield: true
     0 | D:1      | 0 ||| qw: God list: Okawaru
     0 | D:1      | 0 ||| qw: Allow faded altars: false
     0 | D:1      | 0 ||| qw: Do Orc after clearing Dungeon:15 true
     0 | D:1      | 0 ||| qw: Do second Lair branch before Depths: true
     0 | D:1      | 0 ||| qw: Lair rune preference: random
     0 | D:1      | 0 ||| qw: Goals: Normal
     0 | D:1      | 0 ||| PLANNING D:1-11
   106 | D:1      | Reached XP level 2. HP: 17/17 MP: 2/2
   426 | D:1      | 426 ||| READING 2 scrolls labelled UTEUWE ICUTO.
   427 | D:1      | 427 ||| READING scroll of enchant weapon.
   427 | D:1      | 427 ||| ENCHANTING +1 shortbow.
   428 | D:1      | 428 ||| READING 2 scrolls labelled LELEOL WI JIL.
   429 | D:1      | 429 ||| READING scroll labelled FUOCUST LEAX.
   432 | D:1      | 432 ||| DRINKING 2 lumpy blue potions.
   536 | D:1      | 536 ||| DROPPING scroll of butterflies.
   537 | D:1      | 537 ||| DROPPING potion of berserk rage.
   538 | D:1      | 538 ||| DROPPING scroll of noise.
   561 | D:2      | 561 ||| STAIRDANCE
   573 | D:2      | Reached XP level 3. HP: 21/21 MP: 3/3
   577 | D:2      | Reached skill level 5 in Ranged Weapons
   578 | D:2      | 578 ||| READING scroll of enchant weapon.
   578 | D:2      | 578 ||| ENCHANTING +2 shortbow.
   600 | D:2      | Found Udixkogi's Magic Scroll Shoppe.
   608 | D:2      | 608 ||| BUYING scroll of enchant weapon (75 gold).
   608 | D:2      | Bought a scroll of enchant weapon for 75 gold pieces
   608 | D:2      | 608 ||| SHOPLISTING scroll of identify (20 gold, have 14).
   608 | D:2      | 608 ||| SHOPLISTING scroll of teleportation (30 gold, have
                  | 14).
   608 | D:2      | 608 ||| READING scroll of enchant weapon.
   608 | D:2      | 608 ||| ENCHANTING +3 shortbow.
   651 | D:2      | 651 ||| Stepping ~*~*~tactically~*~*~ (outnumbered).
   658 | D:2      | HP: 3/22 [gnoll/+0 spear (5)]
   660 | D:2      | Slain by a gnoll

Levels and vault maps discovered:
D:1:      onia_arrival_pyramid, layout_rooms
D:2:      layout_basic, serial_shops,
          nicolae_shop_temple_entry_statues_fountains, small_statue_intersection

Skill      XL: |  1  2  3 |
---------------+----------+-----
Ranged Weapons | 5 |  5.0
Fighting       | |  2.9
Dodging        | |  1.5
Stealth        | |  1.1

Action                     || total
---------------------------++-------
   Fire: Shortbow          ||    67
    Use: Scroll            ||     6
         Potion            ||     1
 Armour: Leather armour    ||     5
  Dodge: Dodged            ||     5

Table legend:
 A = Non-vault XP
 B = Vault XP
 C = Vault XP percentage of total XP
 D = Non-vault monster count
 E = Vault monster count
 F = Vault count percentage of total count
                 A         B        C        D         E       F
            +---------+---------+-------+---------+---------+-------
      Total |      71 |       0 |   0.0 |      27 |       0 |   0.0
            +---------+---------+-------+---------+---------+-------
        D:1 |      33 |       0 |   0.0 |      21 |       0 |   0.0
        D:2 |      38 |       0 |   0.0 |       6 |       0 |   0.0
            +---------+---------+-------+---------+---------+-------
